 Seeded DCSS version 0.29-a0-416-g83a4890 (webtiles) character file.

Game seed: 2806533315585810333 (custom seed)

537 brinewave the Charlatan (level 7, -11/60 HPs)
             Began as a Pale Draconian Artificer on May 15, 2022.
             Engulfed by a cloud of freezing vapour (24 damage)
             ... on level 5 of the Dungeon.
             The game lasted 00:20:33 (4495 turns).

brinewave the Charlatan (Pale Draconian Artificer)  Turns: 4495, Time: 00:20:34

Health: -11/60     AC:  9    Str: 19    XL:     7   Next: 5%
Magic:  7/7        EV: 12    Int: 11    God:
Gold:   290        SH:  0    Dex: 12    Spells: 6/6 levels left

rFire   + + .      SeeInvis +   t - +4 dagger "Arcanum" {spect, rElec rF+ Str+3}
rCold   . . .      Faith    .   (no shield)
rNeg    . . .      Spirit   .   (body armour unavailable)
rPois   .          Reflect  .   (helmet restricted)
rElec   +          Harm     .   a - +1 cloak
rCorr   .          Rampage  .   e - +0 pair of gloves
Will    .....                   (no boots)
Stlth   +.........              (no amulet)
HPRegen 0.20/turn               r - ring of protection from fire
MPRegen 0.10/turn               z - ring of see invisible

@: slowed, very slow
A: breathe steam, AC +6, unfitting armour, cold-blooded, steam resistance
a: Breathe Steam


You were on level 5 of the Dungeon.
You visited 1 branch of the dungeon, and saw 5 of its levels.

You collected 290 gold pieces.

Inventory:

Hand Weapons
 g - a +1 dagger of electrocution
 k - a +0 hunting sling
 t - the +4 dagger "Arcanum" (weapon) {spect, rElec rF+ Str+3}
   (You found it on level 3 of the Dungeon)

   When its wielder attacks, the weapon's spirit leaps out and strikes again.
   The spirit shares a part of any damage it takes with its wielder.
   Str:       It affects your strength (+3).
   rF:        It protects you from fire.
   rElec:     It insulates you from electricity.
Missiles
 i - 23 poisoned darts (quivered)
 j - 111 stones
 E - 7 boomerangs
Armour
 a - a +1 cloak (worn)
 e - a +0 pair of gloves (worn)
Magical Staves
 n - a staff of earth
Jewellery
 p - an amulet of faith
 r - a ring of protection from fire (left hand)
 v - a ring of resist corrosion
 z - a ring of see invisible (right hand)
Wands
 b - a wand of flame (40)
 c - a wand of charming (14)
 d - a wand of iceblast (9)
 y - a wand of acid (2)
Scrolls
 w - a scroll of fog {unknown}
 A - a scroll of vulnerability {unknown}
 B - a scroll of teleportation {unknown}
 C - a scroll of summoning {unknown}
 D - a scroll of magic mapping
 H - a scroll of blinking {unknown}
Potions
 f - a potion of might {unknown}
 h - 4 potions of flight
 l - 3 potions of mutation
 m - a potion of heal wounds {unknown}
 o - a potion of magic {unknown}
 q - a potion of curing
 s - a potion of degeneration {unknown}
 u - 2 potions of brilliance {unknown}
 x - a potion of haste {unknown}
 F - 2 potions of invisibility {unknown}
 G - a potion of berserk rage {unknown}


   Skills:
 + Level 4.9 Fighting
 + Level 3.6 Short Blades
 - Level 2.1 Dodging
 - Level 0.8 Stealth
 + Level 5.9 Evocations


You had 6 spell levels left.
You didn't know any spells.
Your spell library contained the following spells:

 Spells                   Type           Power      Damage    Failure   Level
 Animate Skeleton         Necr           0%         N/A       34%         1
 Apportation              Tloc           0%         N/A       34%         1
 Shock                    Conj/Air       0%         1d3       34%         1
 Summon Small Mammal      Summ           0%         N/A       34%         1
 Swiftness                Air            0%         N/A       71%         3
 Airstrike                Air            0%         N/A       98%         4


Dungeon Overview and Level Annotations

Branches:
Dungeon (5/15)
 Temple: D:4-7

Altars:
Fedhas

Shops:
D:1 (

Annotations:
D:4 1 runed translucent door, Crazy Yiuf
D:5 1 transporter, brinewave's ghost, novice KoEE


Innate Abilities, Weirdness & Mutations

You can breathe blasts of scalding, opaque steam.
Your pale cyan-grey scales are hard. (AC +6)
You cannot fit into any form of body armour.
You are cold-blooded and may be slowed by cold attacks.
You are immune to the effects of steam.


Message History

Your +4 dagger "Arcanum" {spect, rElec rF+ Str+3} hits the black bear!
The black bear bites you.
The black bear claws you but does no damage. x2
You hit the black bear.
The black bear is heavily wounded.
Your +4 dagger "Arcanum" {spect, rElec rF+ Str+3} hits the black bear.
The black bear bites you!
The black bear claws you but does no damage.
The black bear closely misses you.
You hit the black bear. You tail-slap the black bear.
The black bear is almost dead.
Your +4 dagger "Arcanum" {spect, rElec rF+ Str+3} barely misses the black bear.
You barely miss the black bear.
The black bear is almost dead.
Your +4 dagger "Arcanum" {spect, rElec rF+ Str+3} hits the black bear!
You kill the black bear!
You have reached level 7!
Your scales start taking on a pale cyan-grey colour.
You learn Fire Magic quicker.
You learn Air Magic quicker.
You learn Evocations quicker.
You can breathe blasts of scalding, opaque steam.
You are now immune to the effects of steam.
You now have 290 gold pieces (gained 9).
Found a scale mail.
Brinewave's ghost turns its malevolent gaze towards you.
Really walk into a travel-excluded area?
There is an open door here.
Really walk into a travel-excluded area?
Found 2 gold pieces.
Found a transporter.
The ogre shouts!
You are engulfed in freezing vapours.
You feel yourself slow down.
You are engulfed in freezing vapours.
Ouch! That really hurt!
* * * LOW HITPOINT WARNING * * *
Okay, then.
Okay, then.
Okay, then.
You feel better.
You are engulfed in freezing vapours.
You feel as though you will be slow longer.
You die...

...# ##§#☼#.............
...# ..#§#§#............#
...# .#.
###§#§#............. ...#
$#©. ##○#§####.####.####
...#
[.$#...##○#§#.............
...#
#..#©..##○#§#.##........##
...# .
#O#...##○#§###.........#.
...#
..#.#....#○#§#.#.#.....÷.#.
...#
##.W#....#@#$#...........#.
...#
....#....#○#)#...####......
...##
##...##○#=#.#.####......
....#
####..'.#!#........#....
....#
##..#.#!#.....##......
....#
#...#####....####.....
..#.#
#.............#....#.#
....##
#.............#.##...#
.....#
#####...............##...#


You could see an ogre and brinewave's ghost.

Vanquished Creatures
  Sigmund (D:4)
  A black bear (D:5)
  A bullfrog (D:5)
  A necrophage (D:5)
  2 hounds (D:5)
  2 adders
  3 ufetubi (D:5)
  3 dart slugs
  An orc (D:3)
  6 bats
  7 endoplasms
  A giant cockroach (D:4)
  3 hobgoblins
  3 jackals (D:5)
  A quokka (D:1)
  4 ball pythons
  5 frilled lizards
  5 goblins
  A kobold (D:1)
  5 rats
56 creatures vanquished.

Vanquished Creatures (collateral kills)
  A ball python (D:4)
1 creature vanquished.

Vanquished Creatures (others)
  An iguana (D:5)
  A plant (D:3)
2 creatures vanquished.

Grand Total: 59 creatures vanquished

Notes
Turn   | Place    | Note
-------+----------+-------------------------------------------
     0 | D:1      | brinewave the Draconian Artificer began the quest for the
                  | Orb.
     0 | D:1      | Reached XP level 1. HP: 16/16 MP: 1/1
   222 | D:1      | Found a faded altar of an unknown god.
   658 | D:1      | Found Pade's Antique Weapon Boutique.
   820 | D:1      | Reached XP level 2. HP: 24/24 MP: 2/2
  1853 | D:2      | Reached XP level 3. HP: 30/30 MP: 3/3
  2082 | D:3      | Identified the +4 dagger "Arcanum" {spect, rElec rF+ Str+3}
  2156 | D:3      | You fall into a shaft and drop 2 floors!
  2156 | D:5      | Entered Level 5 of the Dungeon
  2179 | D:5      | Reached skill level 1 in Short Blades
  2217 | D:5      | Reached skill level 4 in Evocations
  2217 | D:5      | Reached XP level 4. HP: 36/38 MP: 4/4
  2242 | D:4      | Noticed Sigmund
  3574 | D:4      | Killed Sigmund
  3575 | D:4      | Reached XP level 5. HP: 45/46 MP: 5/5
  3575 | D:4      | Reached XP level 6. HP: 51/52 MP: 6/6
  3795 | D:4      | Found a runed translucent door.
  3796 | D:4      | Noticed Crazy Yiuf
  3892 | D:4      | Found a blossoming altar of Fedhas.
  4198 | D:5      | Reached skill level 5 in Evocations
  4358 | D:5      | Your scales start taking on a pale cyan-grey colour.
  4358 | D:5      | Reached XP level 7. HP: 48/60 MP: 7/7
  4358 | D:5      | Gained mutation: You are immune to the effects of steam.
                  | [Pale Draconian growth]
  4485 | D:5      | Noticed brinewave's ghost (novice KoEE)
  4490 | D:5      | Found a transporter.
  4491 | D:5      | Identified the +8 dire flail of Truncation {vamp, rElec
                  | rCorr Dex-5 Stlth+}
  4495 | D:5      | Engulfed by a cloud of freezing vapour

Illustrated notes

Levels and vault maps discovered:
D:1:      wander_arrival_chamber, layout_loops_ring,
          hellmonk_ecumenical_altar_blasted, serial_shops, nicolae_shop_trees
D:2:      layout_basic, minmay_pentomino_x2
D:3:      layout_basic, serial_bayou_lagoon_b
D:4:      layout_basic, fedhas_altar_4, uniq_crazy_yiuf_cottage, uniq_sigmund
D:5:      lemuel_ice_spiral_2, layout_rooms, gammafunk_ghost_smash

Skill      XL: |  1  2  3  4  5  6 |
---------------+-------------------+-----
Fighting       | 2 3 4 |  4.9
Short Blades   | 1 2 3 |  3.6
Evocations     | 4 5 |  5.9
Dodging        | |  2.1
Stealth        | |  0.8

Action                   |  1- 3 |  4- 6 |  7- 9 || total
-------------------------+-------+-------+-------++-------
Melee: Dagger            |   134 |    49 |       ||   183
       Club              |    16 |       |       ||    16
       Tailslap          |    18 |     3 |       ||    21
       Punch             |     1 |     1 |       ||     2
Throw: Dart              |     2 |       |       ||     2
Evoke: Wand              |     1 |     3 |       ||     4
  Use: Scroll            |     7 |     3 |       ||    10
       Potion            |       |       |     1 ||     1
Armor: Skin              |    60 |    19 |       ||    79
Dodge: Dodged            |    92 |    26 |       ||   118

Table legend: (Time is in decaauts)
 A = Elapsed time spent in this place.
 B = Non-inter-level travel time spent in this place.
 C = Inter-level travel time spent in this place.
 D = Time resting spent in this place.
 E = Time spent auto-exploring this place.
 F = Levels seen in this place.
 G = Mean time per level.
                   A        B        C        D        E       F      G
               +--------+--------+--------+--------+--------+-----+--------+
         Total |   4515 |   4411 |    104 |    490 |   2694 |   5 |  903.0 |
       Dungeon |   4515 |   4411 |    104 |    490 |   2694 |   5 |  903.0 |
               +--------+--------+--------+--------+--------+-----+--------+

Top non-repeatable levels by time:
     D:1: 1248 daAuts
     D:3: 985 daAuts
     D:4: 981 daAuts
     D:2: 797 daAuts
     D:5: 503 daAuts
